 Dungeon Crawl Stone Soup version 0.28-a0-1227-ga9037bb4c8 (webtiles) character file.

Game seed: 10503102735283803456

31 siradein the Ducker (level 3, 0/28 HPs)
             Began as a Merfolk Gladiator on Dec 22, 2021.
             Slain by a worm (9 damage)
             ... on level 2 of the Dungeon.
             The game lasted 00:01:25 (1231 turns).

siradein the Ducker (Merfolk Gladiator)             Turns: 1231, Time: 00:01:26

Health: 0/28       AC:  6    Str: 14    XL:     3   Next: 22%
Magic:  3/3        EV: 12    Int:  7    God:
Gold:   33         SH:  0    Dex: 17    Spells: 2/2 levels left

rFire   . . .      SeeInvis .   a - +0 long sword
rCold   . . .      Faith    .   (no shield)
rNeg    . . .      Spirit   .   h - +0 ring mail
rPois   .          Reflect  .   c - +0 helmet
rElec   .          Harm     .   (no cloak)
rCorr   .          Rampage  .   (no gloves)
Will    .....                   (no boots)
Stlth   +.........              (no amulet)
HPRegen 0.09/turn               (no ring)
MPRegen 0.08/turn               (no ring)

@: no status effects
A: (nimble swimmer 2), mertail
a: no special abilities


You were on level 2 of the Dungeon.
You visited 1 branch of the dungeon, and saw 2 of its levels.

You collected 33 gold pieces.

Inventory:

Hand Weapons
 a - a +0 long sword (weapon)
Missiles
 d - 3 throwing nets (quivered)
Armour
 c - a +0 helmet (worn)
 h - a +0 ring mail (worn)
Scrolls
 e - 2 scrolls of teleportation {unknown}
 f - 2 scrolls of identify {unknown}
 g - a scroll of magic mapping {unknown}


   Skills:
 + Level 2.8 Fighting
 + Level 3.8 Long Blades
 - Level 2.0 Throwing
 + Level 4.6 Dodging


You had 2 spell levels left.
You didn't know any spells.
Your spell library contained the following spells:

 Spells                   Type           Power      Damage    Failure   Level
 Ozocubu's Armour         Ice            0%         N/A       96%         3
 Fulminant Prism          Conj/Hex       0%         3d6       100%        4
 Iskenderun's Mystic Bla  Conj/Tloc      0%         2d3       100%        4
 Lee's Rapid Deconstruct  Erth           0%         3d5*      100%        5
 Metabolic Englaciation   Hex/Ice        0%         N/A       100%        5
 Simulacrum               Ice/Necr       0%         N/A       100%        6


Dungeon Overview and Level Annotations

Branches:
Dungeon (2/15)

Altars:

Shops:
D:1 :


Innate Abilities, Weirdness & Mutations

((You are very nimble when in or above water. (Stealth+, EV+, Speed+++)))
Your lower body shifts to a powerful aquatic tail in water.


Message History

The goblin hits you but does no damage.
You hit the goblin.
You kill the goblin!
The worm bites you!
You hit the worm.
The worm is moderately wounded.
The endoplasm barely misses you.
A goblin comes into view. It is wielding a +0 club.
The worm barely misses you.
You hit the endoplasm but do no damage.
The endoplasm hits you but does no damage.
The endoplasm barely misses you.
You barely miss the endoplasm. The endoplasm closely misses you.
The goblin shouts!
You slash the endoplasm!
You kill the endoplasm!
You hit the kobold but do no damage. The kobold hits you but does no damage.
You barely miss the kobold.
The kobold hits you with a +0 short sword.
You hit the kobold.
The kobold is moderately wounded.
The kobold barely misses you.
You closely miss the kobold.
The kobold is moderately wounded.
The kobold hits you with a +0 short sword.
The kobold hits you but does no damage.
You hit the kobold.
You kill the kobold!
The worm bites you but does no damage.
You see here a +0 short sword.
You hit the worm.
The worm is moderately wounded.
The worm bites you.
* * * LOW HITPOINT WARNING * * *
You slash the worm!
The worm is severely wounded.
You hit the worm.
The worm is almost dead.
The worm bites you!
You die...

.∩..∩.?8.$8.. ≈
............ ...88≈≈
........... .......
.......... ......
...[..♣.♣♣ .88≈≈
#g....P..♣♣####≈≈≈ #K#
♣..♣♣....≈≈≈ #w#
♣........≈≈≈ #@#
#♣♣.P♣...≈≈≈≈
######.####........≈≈≈≈
#..............[...≈≈≈≈
#..........#..##...≈≈≈≈
#..............#.#≈≈≈≈≈
#.........P......#≈≈≈≈≈
######P..♣♣♣...#.#≈≈≈≈#
#.P♣..P♣P.#.#≈≈≈≈#
#.♣...♣♣P†#..≈≈≈≈#


You could see a worm, a goblin and a kobold.

Vanquished Creatures
  A dart slug (D:1)
  A bat (D:1)
  5 endoplasms
  A giant cockroach (D:2)
  A goblin (D:2)
  A hobgoblin (D:1)
  3 quokkas (D:1)
  4 ball pythons
  A frilled lizard (D:2)
  4 kobolds
  5 rats (D:1)
27 creatures vanquished.

Vanquished Creatures (others)
  2 plants (D:2)
  4 toadstools (D:1)
6 creatures vanquished.

Grand Total: 33 creatures vanquished

Notes
Turn   | Place    | Note
-------+----------+-------------------------------------------
     0 | D:1      | siradein the Merfolk Gladiator began the quest for the Orb.
     0 | D:1      | Reached XP level 1. HP: 16/16 MP: 1/1
   164 | D:1      | Reached XP level 2. HP: 23/23 MP: 2/2
   598 | D:1      | Found Niskupp's Book Shop.
  1028 | D:2      | Reached XP level 3. HP: 28/28 MP: 3/3
  1231 | D:2      | Slain by a worm

Illustrated notes

Levels and vault maps discovered:
D:1:      ldierk_walled_garden_2, layout_loops_cross, serial_shops,
          nicolae_shop_statue_plus
D:2:      wander_river, layout_rooms, hellmonk_ecumenical_altar_arch_garden,
          serial_forest, infiniplex_forest_end_2, infiniplex_forest_corner_1,
          infiniplex_forest_lined_3, infiniplex_forest_lined_ring,
          infiniplex_forest_clump_C, infiniplex_forest_zigzag_2,
          infiniplex_forest_corner_1, infiniplex_forest_clump_small

Action                   || total
-------------------------++-------
Melee: Long sword        ||    80
 Stab: Sleeping          ||     1
Armor: Leather armour    ||    18
       Ring mail         ||     7
Dodge: Dodged            ||    52

Table legend: (Time is in decaauts)
 A = Elapsed time spent in this place.
 B = Non-inter-level travel time spent in this place.
 C = Inter-level travel time spent in this place.
 D = Time resting spent in this place.
 E = Time spent auto-exploring this place.
 F = Levels seen in this place.
 G = Mean time per level.
                   A        B        C        D        E       F      G
               +--------+--------+--------+--------+--------+-----+--------+
         Total |   1234 |   1212 |     22 |      0 |    994 |   2 |  617.0 |
       Dungeon |   1234 |   1212 |     22 |      0 |    994 |   2 |  617.0 |
               +--------+--------+--------+--------+--------+-----+--------+

Top non-repeatable levels by time:
     D:1: 760 daAuts
     D:2: 473 daAuts
